 Dungeon Crawl Stone Soup version 0.25-a0-869-g05d4e06a41 (webtiles) character file.

Game seed: 8708012965367048155, levelgen mode: deterministic

68161 tilp the Fighter (level 15, 0/100 HPs)
             Began as a Kobold Arcane Marksman on Apr 30, 2020.
             Was the Champion of Okawaru.
             Hit by a boomerang thrown by an orc warrior (16 damage)
             ... while paralysed by an orc sorcerer
             ... on level 2 of the Orcish Mines.
             The game lasted 01:19:26 (31054 turns).

tilp the Fighter (Kobold Arcane Marksman)          Turns: 31054, Time: 01:19:27

Health: 0/100      AC: 13    Str: 22    XL:     15   Next: 69%
Magic:  24/24      EV:  3    Int: 25    God:    Okawaru [******]
Gold:   761        SH:  0    Dex: 17    Spells: 7/26 levels left

rFire    . . .     SeeInvis +   b - +8 whip "Snakebite" {curare, rPois}
rCold    . . .     Gourm    .   (shield restricted)
rNeg     + . .     Faith    .   u - +1 leather armour "Xure" {+Fly Str+5 Int+2}
rPois    +         Spirit   .   G - +2 helmet
rElec    .         Reflect  .   E - +2 cloak
rCorr    .         Harm     .   d - +2 pair of gloves
MR       +....                  (no boots)
Stlth    ++++......             I - amulet of Understanding {Acrobat rPois Str+4 Int+3}
HPRegen  0.26/turn              h - ring "Acioz" {rN+ Str+3 Int+3 Slay+3 SInv}
MPRegen  0.19/turn              x - +3 ring of slaying

@: paralysed
A: small, carnivore
a: Heroism, Finesse, Renounce Religion, Evoke Flight


You were on level 2 of the Orcish Mines.
You worshipped Okawaru.
Okawaru was exalted by your worship.
You were completely stuffed.

You visited 4 branches of the dungeon, and saw 19 of its levels.

You collected 1823 gold pieces.
You spent 1062 gold pieces at shops.

Inventory:

Hand Weapons
 a - a +1 vorpal arbalest
 b - the +8 whip "Snakebite" (weapon) {curare, rPois}
   (You found it on level 1 of the Lair of Beasts)

   It poisons the flesh of those it strikes.
   It protects you from poison.
 y - the +5 flail of Wyhiforph {elec, +Rage}
   (Okawaru gifted it to you on level 5 of the Lair of Beasts)

   Occasionally, upon striking a foe, it will discharge some electrical energy
   and cause terrible harm.
   It lets you go berserk.
 Y - a +4 triple crossbow
Missiles
 f - a throwing net (quivered) {!f}
 t - 108 bolts
 A - 37 boomerangs
 L - 7 silver boomerangs
Armour
 d - a +2 pair of gloves (worn)
 u - the +1 leather armour "Xure" (worn) {+Fly Str+5 Int+2}
   (You bought it in a shop on level 4 of the Dungeon)

   It affects your strength (+5).
   It affects your intelligence (+2).
   It lets you fly.
 E - a +2 cloak (worn)
 G - a +2 helmet (worn)
 K - a +2 buckler of protection
 O - +0 acid dragon scales
 R - a +2 robe of the Archmagi
Jewellery
 h - the ring "Acioz" (left hand) {rN+ Str+3 Int+3 Slay+3 SInv}
   (You bought it in a shop on level 5 of the Dungeon)

   [ring of positive energy]

   It affects your strength (+3).
   It affects your intelligence (+3).
   It affects your accuracy and damage with ranged weapons and melee attacks
   (+3).
   It protects you from negative energy.
   It lets you see invisible.
 m - an uncursed ring of protection from cold
 q - an uncursed ring of protection from fire
 x - a +3 ring of slaying (right hand)
 H - a +5 amulet of reflection
 I - the amulet of Understanding (around neck) {Acrobat rPois Str+4 Int+3}
   (You found it on level 9 of the Dungeon)

   [amulet of the acrobat]

   It helps you evade while moving and waiting.
   It affects your strength (+4).
   It affects your intelligence (+3).
   It protects you from poison.
 V - a +4 ring of dexterity
Wands
 j - a wand of acid (6)
 w - a wand of disintegration (32)
 D - a wand of enslavement (8)
 J - a wand of flame (33)
 M - a wand of iceblast (18)
 Q - a wand of paralysis (3)
 S - a wand of digging (3)
Scrolls
 g - a scroll of fear {unknown}
 i - 3 scrolls of enchant weapon
 k - 4 scrolls of immolation
 n - 5 scrolls of remove curse
 r - 12 scrolls of teleportation
 F - 4 scrolls of amnesia
 P - a scroll of magic mapping {unknown}
 W - a scroll of summoning {unknown}
Potions
 e - a potion of ambrosia {unknown}
 l - 7 potions of curing
 o - 4 potions of heal wounds
 p - a potion of brilliance
 s - 3 potions of stabbing
 v - 2 potions of might
 z - 2 potions of invisibility
 B - 2 potions of resistance
 N - 5 potions of flight
 X - 3 potions of lignification
 Z - 4 potions of haste
Miscellaneous
 U - a tin of tremorstones
Comestibles
 c - 37 rations
 C - 8 chunks of flesh


   Skills:
 - Level 14.0 Fighting
 - Level 8.0 Maces & Flails
 - Level 14.0 Crossbows
 - Level 10.0 Dodging
 - Level 8.0 Stealth
 - Level 4.0 Shields
 - Level 6.0 Spellcasting
 - Level 10.0 Hexes
 + Level 9.0 Invocations
 + Level 6.0 Evocations


You had 7 spell levels left.
You knew the following spells:

 Your Spells              Type           Power        Failure   Level  Hunger
a - Corona                Hex            ######.      1%          1    None
b - Slow                  Hex            ######..     1%          2    None
c - Portal Projectile     Hex/Tloc       ####..       3%          3    None
d - Cause Fear            Hex            ######....   1%          4    ###....
e - Leda's Liquefaction   Hex/Erth       ####......   11%         4    ###....
f - Shroud of Golubria    Chrm/Tloc      #.....       13%         2    None
g - Ozocubu's Armour      Chrm/Ice       #.......     26%         3    None

Your spell library contained the following spells:

 Spells                   Type           Power        Failure   Level  Hunger
 Inner Flame              Hex/Fire       ####....     3%          3    None
 Spectral Weapon          Hex/Chrm       ####....     3%          3    None
 Freeze                   Ice            #...         9%          1    None
 Infusion                 Chrm           #...         9%          1    None
 Song of Slaying          Chrm           #.......     13%         2    None
 Frozen Ramparts          Ice            #.....       26%         3    None
 Hailstorm                Conj/Ice       #.......     63%         4    ###....
 Summon Ice Beast         Ice/Summ       #.......     63%         4    ###....


Dungeon Overview and Level Annotations

Branches:
Dungeon (10/15)            Temple (1/1) D:5            Lair (6/6) D:8
 Shoals (0/4) Lair:2        Snake (0/4) Lair:4        Slime (0/5) Lair:6
    Orc (2/2) D:10            Elf (0/3) Orc:2

Altars:
Ashenzari
Cheibriados
Dithmenos
Elyvilon
Fedhas
Gozag
Hepliaklqana
Kikubaaqudgha
Makhleb
Nemelex Xobeh
Okawaru
Qazlal
Ru
Sif Muna
Trog
Uskayaw
Vehumet
Wu Jian
Xom
Yredelemnul
Zin
The Shining One

Shops:
D:4 [   D:5 =   D:7 !   Orc:1 *

Annotations:
D:8 1 runed translucent door (flayed ghost)
Orc:2 1 runed translucent door, Haldmier's ghost, journeyman MfIE


Innate Abilities, Weirdness & Mutations

You are small and have problems with some larger weapons.
You are carnivorous and can eat meat at any time.


Message History

The weapon returns to the orc warrior!
The orc sorcerer points at you and mumbles some strange words.
The bolt of fire misses you. The orc wizard casts a spell at you.
You resist with almost no effort.
The orc warrior throws a boomerang.
The boomerang misses you.
The weapon returns to the orc warrior!
The orc priest invokes the aid of Beogh against you.
Beogh smites you!
* * * LOW HITPOINT WARNING * * *
The orc sorcerer casts a spell at you.
You suddenly lose the ability to move!
The orc warrior throws a boomerang.
The boomerang hits you but does no damage.
You kill the orc sorcerer!
Okawaru accepts your kill.
Your Invocations skill increases to level 9!
Your Evocations skill increases to level 6!
The orc warrior throws a boomerang.
The boomerang hits you!
You die...

### ####.# ##....## #####
##......### #....##
#..).@)<#.## #......##
#.o...)[...##........#
#(..###.......# .....
...(oo..###.....#. #....
#(...o..####....### ##....
##.(...###........###.....
.(..#$.. ##...#.)..##....#
....##.#.
#...##..)......## .... #.
.....###...)....##


You could see an orc warrior, 2 orc priests and an orc wizard.

Vanquished Creatures
  Gastronok (Lair:3)
  An orc warlord (Orc:1)
  2 entropy weavers (Lair:6)
  7 hydras
  4 catoblepae
  6 death yaks
  A queen ant (Lair:6)
  Erica (D:8)
  2 orc high priests (Orc:2)
  2 orc knights
  An oklob plant (Lair:5)
  9 deep elf magi (Orc:1)
  6 orc sorcerers
  10 elephants
  2 manticores (Lair:6)
  8 black mambas
  2 torpor snails
  13 spiny frogs
  Psyche (D:10)
  Maggie (D:8)
  5 komodo dragons
  3 trolls (Orc:1)
  12 blink frogs
  12 dream sheep
  4 hippogriffs
  A shadow (D:8)
  42 yaks
  5 wraiths
  2 wyverns (Lair:3)
  Eustachio (D:6)
  5 basilisks
  21 fire bats (D:8)
  A steam dragon (D:8)
  A hungry ghost (D:8)
  Menkaure (D:7)
  8 soldier ants (Lair:6)
  3 wargs (Orc:2)
  20 water moccasins
  8 porcupines
  3 ice beasts
  19 orc warriors
  A phantom (D:4)
  A black bear (D:9)
  5 wolves
  12 ogres
  A centaur (D:4)
  12 crocodiles
  8 big kobolds
  7 bullfrogs
  A gnoll sergeant (D:6)
  A wyvern skeleton (D:8)
  2 scorpions (D:9)
  An oklob sapling (D:5)
  5 wights (D:7)
  An electric eel (Lair:3)
  A howler monkey (D:6)
  2 crimson imps
  2 centaur zombies (D:7)
  3 hounds
  A bullfrog zombie (D:6)
  A quasit (D:7)
  15 jellies
  9 orc priests
  A bullfrog skeleton (D:8)
  3 iguanas
  17 orc wizards
  27 worker ants
  2 hound skeletons
  A worker ant zombie (D:9)
  6 gnolls
  A howler monkey skeleton (D:6)
  15 adders
  A shadow imp (D:9)
  3 oozes
  5 worms
  An adder skeleton (D:5)
  3 dart slugs
  7 leopard geckos
  59 orcs
  77 bats
  9 giant cockroaches
  12 goblins
  9 hobgoblins
  16 jackals
  4 quokkas
  3 frilled lizards
  48 kobolds
  A leopard gecko skeleton (D:7)
  8 rats
  2 plants
690 creatures vanquished.

Vanquished Creatures (others)
  A centaur (D:7)
  A bullfrog (Lair:2)
  An orc (Orc:2)
  A kobold (D:10)
  20 fungi
  20 plants
44 creatures vanquished.

Grand Total: 734 creatures vanquished

Notes
Turn   | Place    | Note
-------+----------+-------------------------------------------
     0 | D:1      | tilp the Kobold Arcane Marksman began the quest for the
                  | Orb.
     0 | D:1      | Reached XP level 1. HP: 12/12 MP: 2/2
   103 | D:1      | Reached XP level 2. HP: 15/16 MP: 3/3
   126 | D:1      | Learned a level 2 spell: Slow
   840 | D:1      | Reached XP level 3. HP: 20/20 MP: 2/4
  2723 | D:2      | Reached XP level 4. HP: 16/25 MP: 2/5
  2933 | D:2      | Reached skill level 5 in Crossbows
  3651 | D:2      | Reached XP level 5. HP: 29/29 MP: 4/6
  4025 | D:2      | Found a shimmering altar of Xom.
  4812 | D:3      | Found a sparkling altar of Nemelex Xobeh.
  5855 | D:4      | Reached XP level 6. HP: 35/37 MP: 4/7
  5885 | D:4      | Learned a level 3 spell: Portal Projectile
  6075 | D:4      | Noticed an ogre
  6080 | D:4      | Killed an ogre
  6196 | D:4      | Found a shimmering blue altar of Sif Muna.
  6206 | D:4      | Found Afimych's Antique Armour Emporium.
  6213 | D:4      | Bought a blackened leather armour for 161 gold pieces
  6245 | D:4      | Found a blossoming altar of Fedhas.
  6357 | D:4      | Reached XP level 7. HP: 38/43 MP: 8/10
  6848 | D:4      | Found a sacrificial altar of Ru.
  6855 | D:4      | Found a glowing golden altar of the Shining One.
  6855 | D:4      | Found a burning altar of Makhleb.
  6858 | D:4      | Found a bloodstained altar of Trog.
  6950 | D:5      | Entered Level 5 of the Dungeon
  6955 | D:5      | Reached skill level 5 in Hexes
  7217 | D:5      | Found a staircase to the Ecumenical Temple.
  7616 | D:5      | Reached skill level 1 in Shields
  7616 | D:5      | Reached XP level 8. HP: 48/48 MP: 8/11
  8155 | D:5      | Found Pecev's Jewellery Emporium.
  8212 | D:5      | Identified the +1 leather armour "Xure" {+Fly Str+5 Int+2}
                  | (You bought it in a shop on level 4 of the Dungeon)
  8277 | Temple   | Entered the Ecumenical Temple
  8405 | D:6      | Noticed Eustachio
  8417 | D:6      | Killed Eustachio
  8417 | D:6      | Reached skill level 1 in Stealth
  8798 | D:6      | Noticed a two-headed ogre
  8894 | D:6      | Reached XP level 9. HP: 52/52 MP: 12/12
  8928 | D:6      | Learned a level 4 spell: Cause Fear
  9280 | D:6      | Found an ancient bone altar of Kikubaaqudgha.
  9280 | D:6      | Found an iron altar of Okawaru.
  9286 | D:6      | Found a faded altar of an unknown god.
  9311 | D:6      | Reached skill level 5 in Fighting
  9432 | D:6      | Found a snail-covered altar of Cheibriados.
  9433 | D:6      | Found a faded altar of an unknown god.
  9444 | D:6      | Became a worshipper of Warmaster Okawaru
  9871 | D:7      | Found a shattered altar of Ashenzari.
 10117 | D:7      | Reached skill level 5 in Dodging
 10352 | D:7      | Found a basalt altar of Yredelemnul.
 10408 | D:7      | Noticed Menkaure
 10412 | D:7      | Killed Menkaure
 10412 | D:7      | Reached skill level 1 in Invocations
 10412 | D:7      | Reached skill level 1 in Evocations
 10545 | D:7      | Reached * piety under Okawaru
 10634 | D:7      | Found Coumnev's Distillery.
 10657 | D:7      | Bought a potion of heal wounds for 55 gold pieces
 11793 | D:8      | Reached XP level 10. HP: 60/60 MP: 13/13
 11918 | D:8      | Found a staircase to the Lair.
 12036 | D:8      | Noticed Maggie
 12061 | D:8      | Killed Maggie
 12061 | D:8      | Reached skill level 5 in Invocations
 12117 | D:8      | Reached ** piety under Okawaru
 12135 | D:8      | Noticed Erica
 12139 | D:8      | Killed Erica
 12333 | D:8      | Found a stormy altar of Qazlal.
 12616 | D:8      | Found a white marble altar of Elyvilon.
 12628 | D:8      | Reached *** piety under Okawaru
 12628 | D:8      | Reached skill level 10 in Crossbows
 12641 | D:8      | Reached skill level 1 in Maces & Flails
 12687 | D:8      | Found a runed translucent door.
 12901 | D:8      | Noticed a flayed ghost
 12907 | D:8      | Found an ancient bone altar of Kikubaaqudgha.
 12920 | D:8      | Reached XP level 11. HP: 64/64 MP: 13/15
 12939 | D:8      | Found an iron altar of Okawaru.
 13270 | D:8      | Found a shimmering altar of Xom.
 13281 | D:8      | Reached skill level 5 in Stealth
 13455 | D:8      | Received a gift from Okawaru
 13455 | D:8      | Reached **** piety under Okawaru
 13465 | D:8      | Found an iron altar of Okawaru.
 13761 | D:8      | Upgraded the game from 0.25-a0-861-g340c9e8194 to
                  | 0.25-a0-869-g05d4e06a41
 14063 | D:9      | Found an iron altar of Okawaru.
 14065 | D:9      | Found a basalt altar of Yredelemnul.
 14717 | D:9      | Got a crude ruby amulet
 14766 | D:10     | Entered Level 10 of the Dungeon
 14810 | D:10     | Noticed Psyche
 14958 | D:10     | Killed Psyche
 15050 | D:9      | Reached ***** piety under Okawaru
 15543 | D:10     | Received a gift from Okawaru
 15550 | D:10     | Reached skill level 10 in Fighting
 15659 | D:10     | Reached XP level 12. HP: 56/77 MP: 18/18
 15794 | D:10     | Found a staircase to the Orcish Mines.
 16079 | Orc:1    | Entered Level 1 of the Orcish Mines
 16079 | Orc:1    | Found Nuutar's Needful Niceties.
 16915 | Orc:1    | Reached skill level 5 in Spellcasting
 17273 | Orc:1    | Received a gift from Okawaru
 17494 | Orc:2    | Entered Level 2 of the Orcish Mines
 17494 | Orc:2    | Found a staircase to the Elven Halls.
 17874 | Orc:1    | Received a gift from Okawaru
 17908 | Orc:2    | Found a runed translucent door.
 18135 | Orc:2    | Found a shimmering altar of Xom.
 18135 | Orc:2    | Noticed Haldmier's ghost (journeyman MfIE)
 18139 | Orc:2    | Noticed a +2 war axe of chaos
 18556 | Lair:1   | Entered Level 1 of the Lair of Beasts
 18885 | Lair:1   | Received a gift from Okawaru
 18920 | Lair:1   | Found the +8 whip "Snakebite" {curare, rPois}
 19139 | Lair:1   | Reached skill level 10 in Hexes
 19144 | Lair:1   | Reached XP level 13. HP: 75/82 MP: 22/22
 19192 | Lair:1   | Identified the amulet of Understanding {Acrobat rPois Str+4
                  | Int+3} (You found it on level 9 of the Dungeon)
 19556 | D:5      | Bought the ring "Acioz" {rN+ Str+3 Int+3 Slay+3 SInv} for
                  | 846 gold pieces
 19685 | Lair:2   | Reached skill level 5 in Maces & Flails
 19753 | Lair:2   | Received a gift from Okawaru
 19941 | Lair:2   | Noticed a six-headed hydra
 19967 | Lair:2   | Killed a six-headed hydra
 20519 | Lair:2   | Found a staircase to the Shoals.
 20712 | Lair:2   | Noticed an eight-headed hydra
 20726 | Lair:2   | Killed an eight-headed hydra
 20993 | Lair:2   | Learned a level 4 spell: Leda's Liquefaction
 20996 | Lair:2   | Learned a level 2 spell: Shroud of Golubria
 21000 | Lair:2   | Learned a level 3 spell: Ozocubu's Armour
 21113 | Lair:3   | Noticed Gastronok
 21147 | Lair:3   | Killed Gastronok
 21498 | Lair:3   | Received a gift from Okawaru
 22050 | Lair:4   | Received a gift from Okawaru
 22203 | Lair:4   | Noticed a catoblepas
 22343 | Lair:4   | Found a staircase to the Snake Pit.
 22432 | Lair:4   | Noticed an eight-headed hydra
 22438 | Lair:4   | Killed an eight-headed hydra
 22606 | Lair:4   | Received a gift from Okawaru
 22840 | Lair:4   | Killed a catoblepas
 22840 | Lair:4   | Reached XP level 14. HP: 62/90 MP: 23/23
 23878 | Lair:5   | Received a gift from Okawaru
 24540 | Lair:5   | Received a gift from Okawaru
 24541 | Lair:5   | Got an encrusted flail {god gift}
 24649 | Lair:6   | Entered Level 6 of the Lair of Beasts
 24824 | Lair:5   | Reached skill level 10 in Dodging
 25338 | Lair:5   | Reached ****** piety under Okawaru
 26382 | Lair:6   | Received a gift from Okawaru
 26488 | Lair:6   | Found a staircase to the Slime Pits.
 26805 | Lair:6   | Noticed an entropy weaver
 27345 | Lair:6   | Noticed an entropy weaver
 27422 | Lair:6   | Killed an entropy weaver
 27422 | Lair:6   | Reached XP level 15. HP: 35/99 MP: 24/24
 27650 | Lair:6   | Identified the +5 flail of Wyhiforph {elec, +Rage} (Okawaru
                  | gifted it to you on level 5 of the Lair of Beasts)
 28844 | Lair:6   | Received a gift from Okawaru
 30455 | Orc:2    | Noticed an orc warlord
 30473 | Orc:1    | Reached skill level 5 in Evocations
 30534 | Orc:1    | Killed an orc warlord
 30712 | Orc:2    | Paralysed by an orc sorcerer for 2 turns
 30722 | Orc:1    | Received a gift from Okawaru
 30917 | Orc:2    | Paralysed by an orc sorcerer for 2 turns
 31052 | Orc:2    | Paralysed by an orc sorcerer for 3 turns
 31054 | Orc:2    | Hit by a boomerang thrown by an orc warrior

Levels and vault maps discovered:
D:1:      onia_arrival_pyramid, layout_basic, minmay_cupped
D:2:      minmay_skewed_foursquare, layout_basic, lemuel_doored_altar,
          minmay_split_cup_small
D:3:      layout_basic, nemelex_altar_shiori
D:4:      wad_pebble_path, layout_basic, old_standard_altar, minitemple,
          first_ration, serial_shops, shop, fedhas_bush_and_centaur_altar
D:5:      layout_basic, minmay_temple_entry_oklob, kennysheep_windowed_goal
D:6:      layout_loops_ring, chequers_temple_overflow_minitemple, uniq_eustachio
D:7:      layout_loops_corners, kennysheep_little_box, basic_altar,
          serial_shops, shop_fountains, uniq_menkaure
D:8:      due_megacathedral, layout_loops_ring, lair_entry_dummy,
          blue_anna_alchemist [blue_anna_fruit_fields, blue_anna_fruit_fields],
          uniq_maggie, uniq_erica
D:9:      layout_long_grid, basic_altar, okawaru_ov_weapons_minmay
D:10:     layout_irregular_city, orc_0_dummy, uniq_psyche
Temple:   minmay_freezing_vapour_temple
Lair:1:   minmay_guarded_unrand_snakebite, layout_long_grid, grunt_megastairs_5
Lair:2:   layout_cave_pods, shoals_dummy_entry, lemuel_old_faithful,
          infiniplex_staircase_pool_2, serial_bayou_shore_b
Lair:3:   layout_loops_ring, infiniplex_staircase_pool, uniq_gastronok
Lair:4:   layout_loops_ring, minmay_snake_entry_six_corridors,
          beast_lair_carwin_9
Lair:5:   layout_gridlike
Lair:6:   evilmike_catoblepas_cave, layout_cave_pods,
          minmay_slime_entry_jelly_boxes, minmay_another_anthill
Orc:1:    layout_caves, nicolae_alphabet_shops, elves_outpost_lemuel
Orc:2:    st_orc_mages, layout_diamond_mine, ebering_ghost_xom

Skill      XL: |  1  2  3  4  5  6  7  8  9 10 11 12 13 14 15 |
---------------+----------------------------------------------+-----
Crossbows      | 3 4 5 6 10 12 14 | 14.0
Fighting       | 3 4 6 10 11 13 14 | 14.0
Spellcasting   | 2 6 |  6.0
Hexes          | 4 6 10 | 10.0
Shields        | 1 4 |  4.0
Stealth        | 3 4 6 8 |  8.0
Dodging        | 3 6 8 10 | 10.0
Invocations    | 4 6 8 9 |  9.0
Evocations     | 4 6 |  6.0
Maces & Flails | 3 4 8 |  8.0

Action                   |  1- 3 |  4- 6 |  7- 9 | 10-12 | 13-15 || total
-------------------------+-------+-------+-------+-------+-------++-------
Melee: Dagger            |    22 |       |       |       |       ||    22
       Hand axe          |    39 |   145 |   243 |   326 |       ||   753
       Flail             |       |       |    23 |       |       ||    23
       Morningstar       |       |       |       |   121 |       ||   121
       Whip              |       |       |       |    15 |   423 ||   438
       Punch             |       |       |       |       |     1 ||     1
 Fire: Hand crossbow     |    58 |    58 |   106 |   484 |   150 ||   856
       Arbalest          |       |       |       |       |   342 ||   342
Throw: Throwing net      |       |     1 |       |       |       ||     1
       Dart              |       |       |     3 |       |       ||     3
 Cast: Corona            |    20 |     6 |     8 |     2 |       ||    36
       Slow              |     1 |     4 |    19 |     9 |     4 ||    37
       Cause Fear        |       |       |       |     2 |     3 ||     5
       Portal Projectile |       |       |       |     1 |       ||     1
       Leda's Liquefacti |       |       |       |       |     2 ||     2
Invok: Heroism           |       |       |       |    22 |     9 ||    31
       Finesse           |       |       |       |     1 |       ||     1
Evoke: Wand              |       |       |       |     6 |       ||     6
  Use: Scroll            |     2 |     8 |     9 |     7 |     9 ||    35
       Potion            |       |     1 |     1 |       |     1 ||     3
 Stab: Sleeping          |       |       |     4 |       |     9 ||    13
       Distracted        |       |       |       |     1 |       ||     1
  Eat: Chunk             |    14 |    13 |    17 |    26 |    38 ||   108
Armor: Robe              |    16 |     6 |       |       |       ||    22
       Leather armour    |       |    24 |    54 |   105 |   114 ||   297
Dodge: Dodged            |    99 |   132 |   196 |   474 |   481 ||  1382
Block: Buckler           |       |       |   120 |   415 |    30 ||   565
       Reflection        |       |       |     5 |     9 |       ||    14

Table legend:
 A = Non-vault XP
 B = Vault XP
 C = Vault XP percentage of total XP
 D = Non-vault monster count
 E = Vault monster count
 F = Vault count percentage of total count
                 A         B        C        D         E       F
            +---------+---------+-------+---------+---------+-------
      Total |   61974 |   35399 |  36.4 |     550 |     139 |  20.2
            +---------+---------+-------+---------+---------+-------
        D:1 |      60 |       4 |   6.2 |      26 |       2 |   7.1
        D:2 |     113 |      12 |   9.6 |      26 |       7 |  21.2
        D:3 |      63 |       0 |   0.0 |      30 |       0 |   0.0
        D:4 |     333 |     112 |  25.2 |      12 |       1 |   7.7
        D:5 |     405 |      59 |  12.7 |       7 |       1 |  12.5
        D:6 |     823 |     202 |  19.7 |      20 |       1 |   4.8
        D:7 |    1155 |     175 |  13.2 |      39 |       1 |   2.5
        D:8 |    5056 |    2397 |  32.2 |     103 |       8 |   7.2
        D:9 |    2385 |       0 |   0.0 |      33 |       0 |   0.0
       D:10 |    2095 |     410 |  16.4 |      38 |       1 |   2.6
     Lair:1 |    2906 |    1539 |  34.6 |      13 |       8 |  38.1
     Lair:2 |    5484 |       0 |   0.0 |      16 |       0 |   0.0
     Lair:3 |    4805 |    2265 |  32.0 |      17 |       1 |   5.6
     Lair:4 |    3013 |    3201 |  51.5 |       8 |      17 |  68.0
     Lair:5 |   14122 |    2896 |  17.0 |      42 |      15 |  26.3
     Lair:6 |    9081 |   14052 |  60.7 |      36 |      55 |  60.4
      Orc:1 |    5562 |    5198 |  48.3 |      39 |      10 |  20.4
      Orc:2 |    4513 |    2877 |  38.9 |      45 |      11 |  19.6
            +---------+---------+-------+---------+---------+-------
